Map: Pillars of Gold LE

Players

루루루루

  • Race: Protoss Protoss
  • League: Platinum
  • Spawn Location: 1:00

FLORENCIO - Winner!

  • Race: Terran Terran
  • League: Bronze
  • Spawn Location: 7:00

VOD

Have the link to the VOD?

Description

Time

  • Played on: March 19, 2021, 2:57 p.m.
  • Length: 23:20
Show
View Real Time Build Order
Export as new Build Order

루루루루 Protoss 

Build Orders: Nexus First, Oracle Opening 

Get SALT Encoding   

  12  0:02  Probe (Chrono Boost)  
  13  0:10  Probe (Chrono Boost)  
  14  0:16  Probe  
  15  0:24  Pylon  
  15  0:42  Probe  
  16  0:54  Probe (Chrono Boost)  
  17  1:00  Nexus  
  17  1:06  Probe (Chrono Boost)  
  18  1:15  Probe (Chrono Boost)  
  18  1:16  Gateway  
  19  1:25  Probe  
  20  1:28  Assimilator  
  20  1:32  Assimilator  
  20  1:37  Probe  
  21  1:46  Pylon  
  21  1:49  Probe  
  22  2:01  Probe  
  23  2:05  Cybernetics Core  
  23  2:13  Probe (Chrono Boost)  
  24  2:17  Pylon  
  24  2:20  Probe (Chrono Boost)  
  26  2:23  Probe (Chrono Boost)  
  26  2:27  Probe (Chrono Boost)  
  28  2:30  Probe (Chrono Boost)  
  28  2:32  Probe (Chrono Boost)  
  29  2:39  Probe  
  31  2:44  Probe  
  31  2:46  Stargate  
  31  2:48  Shield Battery  
  31  2:57  Assimilator  
  31  2:59  Adept (Chrono Boost)  
  31  3:01  Assimilator  
  31  3:03  Probe  
  34  3:07  Probe  
  35  3:25  Probe (Chrono Boost)  
  37  3:27  Probe (Chrono Boost)  
  37  3:30  Oracle  
  37  3:33  Probe  
  41  3:40  Adept  
  43  3:45  Robotics Facility  
  43  3:46  Pylon  
  43  3:47  Probe  
  44  3:59  Probe  
  44  4:02  Pylon  
  45  4:03  Void Ray (Chrono Boost)  
  49  4:11  Adept  
  51  4:21  Shield Battery  
  51  4:24  Probe (Chrono Boost)  
  49  4:31  Stargate  
  47  4:40  Void Ray (Chrono Boost)  
  47  4:41  Stalker  
  53  4:50  Shield Battery  
  53  4:51  Shield Battery  
  51  4:56  Shield Battery  
  51  4:58  Pylon  
  48  5:07  Pylon  
  44  5:27  Sentry  
  38  6:02  Pylon  
  38  6:12  Void Ray (Chrono Boost)  
  38  6:13  Pylon  
  38  6:15  Pylon, Probe  
  39  6:25  Nexus  
  46  6:36  Oracle (Chrono Boost)  
  46  6:37  Probe  
  47  6:44  Adept  
  49  6:57  Gateway  
  49  6:59  Void Ray  
  49  7:01  Void Ray  
  49  7:04  Gateway  
  53  7:44  Twilight Council  
  53  7:45  Pylon  
  53  7:52  Pylon  
  53  7:55  Void Ray  
  53  8:04  Forge  
  57  8:12  Adept  
  59  8:14  Adept, Protoss Air Weapons Level 1  
  61  8:26  Resonating Glaives (Chrono Boost)  
  61  8:36  Protoss Ground Weapons Level 1  
  61  8:41  Void Ray  
  61  9:24  Adept  
  53  9:36  Probe (Chrono Boost)  
  53  9:37  Adept x2  
  55  9:54  Adept  
  57  10:07  Adept  
  59  10:19  Nexus  
  59  10:31  Warp Gate  
  51  10:53  Probe (Chrono Boost)  
  52  11:10  Nexus  
  52  11:14  Adept  
  54  11:18  Probe  
  55  11:33  Pylon  
  55  12:03  Photon Cannon  
  55  12:18  Oracle  
  55  12:19  Oracle  
  61  12:54  Oracle (Chrono Boost)  
  51  13:50  Robotics Facility  
  49  14:04  Void Ray  
  49  14:09  Oracle  
  52  14:12  Nexus  
  56  14:17  Pylon  
  56  14:30  Assimilator  
  56  14:31  Protoss Air Armor Level 1 (Chrono Boost)  
  56  14:35  Assimilator  
  56  14:36  Probe  
  58  14:38  Observer  
  58  14:48  Probe  
  59  15:00  Probe  
  60  15:23  Probe (Chrono Boost)  
  60  15:27  Probe (Chrono Boost)  
  62  15:36  Shield Battery  
  62  15:47  Probe  
  62  15:49  Void Ray (Chrono Boost)  
  64  16:01  Probe (Chrono Boost)  
  65  16:09  Immortal  
  69  16:30  Void Ray (Chrono Boost)  
  72  16:36  Oracle (Chrono Boost)  
  76  16:40  Protoss Ground Weapons Level 2 (Chrono Boost)  
  76  16:49  Templar Archives  
  76  17:08  Immortal  
  80  17:15  Psionic Storm  
  80  17:17  Pylon  
  80  17:29  Forge  
  80  17:46  High Templar  
  82  17:53  Pylon  
  82  17:58  Nexus  
  82  18:03  Adept  
  84  18:11  High Templar  
  68  18:39  Immortal  
  72  19:01  Protoss Ground Armor Level 1 (Chrono Boost)  
  68  19:03  Protoss Shields Level 1 (Chrono Boost)  
  68  19:12  Probe (Chrono Boost)  
  69  19:19  Assimilator x2  
  69  19:20  Probe (Chrono Boost)  
  69  19:23  Immortal  
  74  19:25  Robotics Bay, High Templar, Probe (Chrono Boost)  
  77  19:34  Probe  
  77  19:35  Pylon  
  77  19:37  Probe x2  
  80  19:43  High Templar  
  82  19:55  Gateway  
  82  19:56  Probe  
  83  20:00  High Templar  
  83  20:02  Adept  
  88  20:08  Probe (Chrono Boost)  
  88  20:09  Observer  
  89  20:21  Blink, Probe (Chrono Boost)  
  90  20:22  Stalker  
  92  20:30  Stalker  
  81  20:54  Adept x3  
  55  20:58  Observer  
  56  21:05  Shield Battery  
  56  21:08  Shield Battery, Adept  
  48  21:13  Shield Battery  
  48  21:14  Void Ray (Chrono Boost)  
  44  21:19  Colossus  
  54  21:27  Shield Battery  
  54  21:39  Shield Battery  
  54  21:45  Adept x3  
  60  21:52  Pylon  
  59  22:00  Pylon  
  57  22:13  Photon Cannon  
  57  22:14  Pylon  
  57  22:17  Colossus (Chrono Boost)  
  52  22:25  Void Ray  
Show
View Real Time Build Order
Export as new Build Order

FLORENCIO Terran - Winner!

Build Orders:  

Get SALT Encoding   

  12  0:10  Supply Depot  
  12  0:13  SCV  
  13  0:22  Refinery  
  13  0:36  Barracks  
  13  0:41  SCV  
  14  0:53  SCV  
  15  1:05  SCV  
  16  1:31  Barracks  
  16  1:32  Orbital Command, Barracks Tech Lab  
  16  1:40  Barracks  
  16  1:55  Barracks  
  16  2:06  Stimpack  
  16  2:13  Marine  
  17  2:18  Marine  
  18  2:25  Supply Depot  
  18  2:28  Marine  
  19  2:34  Marine  
  19  2:36  SCV  
  21  2:41  Marine  
  21  2:42  Marine  
  23  2:47  Marine  
  24  2:52  Marine  
  24  2:54  SCV  
  26  2:59  Marine  
  26  3:03  Marine  
  28  3:06  SCV  
  28  3:09  Supply Depot  
  28  3:12  Marine  
  30  3:15  Marine  
  30  3:19  Marine  
  31  3:25  Marine  
  33  3:30  Marine  
  33  3:33  Marine  
  35  3:37  Marine  
  36  3:43  Marine  
  37  3:56  SCV  
  38  4:08  SCV  
  39  4:10  Marine  
  39  4:14  Marine  
  41  4:17  Marine  
  41  4:20  SCV  
  43  4:34  SCV  
  44  4:46  SCV  
  44  4:52  Marine x2  
  47  5:20  Marine x2, SCV  
  47  5:21  Marine  
  47  5:24  Marine  
  36  5:38  Marine x2  
  36  5:39  Marine  
  36  5:40  Engineering Bay  
  36  5:42  Marine  
  40  5:45  Combat Shield  
  40  5:55  Marine, Supply Depot  
  40  5:56  Marine  
  40  5:57  Marine, Supply Depot  
  42  6:00  Marine  
  44  6:09  Missile Turret  
  44  6:13  Marine  
  44  6:14  Marine x2  
  44  6:15  Missile Turret  
  44  6:18  Marine  
  48  6:31  Marine  
  48  6:32  Marine  
  50  6:33  Missile Turret  
  50  6:37  Missile Turret  
  50  6:41  Marine  
  50  6:42  Marine  
  52  6:49  Marine x2  
  54  6:58  Refinery  
  54  6:59  Marine  
  54  7:00  Marine  
  58  7:25  Barracks Tech Lab x2  
  56  7:37  Barracks Tech Lab  
  56  7:52  Command Center  
  56  7:53  Command Center  
  61  8:06  Marine  
  61  8:07  Marine x3  
  59  8:14  Factory  
  59  8:24  Marine x4  
  63  8:53  Supply Depot  
  63  8:55  Supply Depot  
  63  8:59  Factory  
  63  9:02  Marine  
  63  9:03  Marine x3  
  64  9:20  Marine  
  64  9:21  Marine x2  
  57  9:35  Marine  
  57  9:38  Marine x3  
  60  9:53  Marine  
  60  9:56  Marine x3  
  64  10:02  Widow Mine x2  
  67  10:11  Marine  
  67  10:14  Marine x3  
  69  10:19  Missile Turret  
  71  10:23  Widow Mine x2  
  75  10:33  SCV x2  
  48  10:53  Widow Mine x2  
  50  11:01  Marine  
  50  11:02  Marine x2  
  53  11:18  Armory  
  52  11:27  Marine  
  52  11:28  Marine  
  52  11:32  SCV  
  54  11:50  Widow Mine  
  56  12:15  Widow Mine x2  
  60  12:34  Marine x2  
  60  12:36  Widow Mine x2  
  47  13:31  Widow Mine  
  49  13:35  Marine x2  
  51  13:53  Marine x2, Widow Mine  
  51  14:09  SCV  
  54  14:21  SCV  
  53  14:24  Orbital Command  
  53  14:33  SCV  
  54  14:45  SCV  
  55  14:57  SCV  
  55  14:58  Refinery  
  56  15:01  Refinery  
  56  15:06  Widow Mine  
  58  15:09  SCV  
  58  15:14  Missile Turret  
  51  15:21  SCV  
  51  15:27  Factory Reactor  
  54  15:30  Factory Reactor  
  54  15:33  SCV  
  53  15:36  Factory  
  53  15:41  Factory  
  53  15:42  Missile Turret  
  53  15:43  Missile Turret  
  53  15:44  Missile Turret  
  52  15:52  SCV  
  52  15:55  Refinery  
  52  15:56  Refinery  
  57  16:04  SCV  
  57  16:06  SCV  
  57  16:10  Widow Mine  
  62  16:11  Widow Mine  
  62  16:16  SCV, Widow Mine x2  
  64  16:19  SCV  
  65  16:28  SCV  
  65  16:31  Widow Mine x2  
  74  16:32  Widow Mine  
  74  16:37  Widow Mine  
  76  16:40  SCV  
  76  16:43  Widow Mine  
  76  16:46  Factory Tech Lab  
  77  16:53  Planetary Fortress  
  79  16:56  Command Center  
  81  17:09  Thor  
  83  17:24  Missile Turret  
  83  17:33  Factory Tech Lab  
  82  17:47  Widow Mine x2  
  86  18:08  Widow Mine x4, SCV  
  86  18:09  Widow Mine  
  97  18:20  SCV  
  98  18:32  SCV  
  99  18:44  SCV  
  86  19:04  Thor  
  86  19:05  Thor  
  86  19:07  Widow Mine  
  100  19:12  Factory  
  100  19:13  Factory, SCV  
  100  19:14  Factory  
  101  19:21  Supply Depot  
  101  19:23  Supply Depot  
  101  19:42  SCV  
  101  19:43  Widow Mine x3  
  101  19:44  SCV  
  109  19:47  Thor  
  115  19:53  Supply Depot  
  115  19:54  Supply Depot  
  115  19:55  SCV  
  115  19:56  SCV, Smart Servos  
  117  20:13  Factory Tech Lab x3  
  117  20:14  Thor  
  117  20:15  SCV x2  
  117  20:19  Supply Depot  
  117  20:20  Supply Depot x2  
  125  20:27  SCV x2  
  127  20:30  Thor  
  133  20:40  SCV  
  124  21:27  Thor x2  
  124  21:28  Thor  
  142  21:38  SCV  
  143  21:42  Starport  
  143  21:50  SCV  
  142  22:02  SCV  
  143  22:10  Thor x2  
  143  22:14  SCV  
  156  22:26  SCV  
  157  22:47  Supply Depot  
  157  22:49  Supply Depot x2  
  157  22:50  Supply Depot  
Tags
 
Add a new tag
Caveats
  • Supply blocks, unpowered buildings, or Contaminate may cause inaccurate times.
  • Supply counts are checked every 10 seconds.